AoeStats
← sagaz0022

African Clearing

506540802Analyzed
3v3 RM · 19d ago on Sep 14, 2026· 64m 53s· 6 players
Game mode
Random Map
Map size
Normal (6 player)
Population
200
Speed
Normal
Resources
Standard
Victory
Conquest
Starting age
Dark Age
Ending age
Imperial Age
RankedLock teamsTeams togetherTeam positionsShared explorationLock speedFull tech treeHidden civsTurbo modeCheats
Victory
Defeat
🇺🇸 Burmese · United States
1096
+16
🇺🇸 Wu · United States
1064
+17
🇺🇸 Tupi · United States
1029
+18
🇧🇷 Huns · Brazil
1176
-21
🇧🇷 Burgundians · Brazil
1119
-18
🇧🇷 Britons · Brazil
962
-37
Loyp
11:24 Loom
13:13 Feudal Age
14:03 Double-Bit Axe
13:58 Horse Collar
16:09 Town Watch
20:51 Fletching
25:31 Castle Age
23:37 Scale Mail Armor
23:54 Arson
24:14 Stone Mining
25:14 Padded Archer Armor
25:49 Gold Mining
25:57 Crossbowman
26:51 Pikeman
28:53 Bow Saw
30:35 Forging
34:53 Chain Mail Armor
41:35 Heavy Plow
43:30 Wheelbarrow
48:06 Imperial Age
47:37 Bodkin Arrow
48:27 Gold Shaft Mining
48:57 Bracer
49:26 Ballistics
49:37 Conscription
51:05 Curare
53:25 Two-Man Saw
52:08 Elite Blackwood Archer
53:41 Leather Archer Armor
53:56 Plate Mail Armor
52:50 Champi Runner
53:31 Squires
55:18 Champi Warrior
56:14 Champi Warrior
57:55 Iron Casting
57:52 Ring Archer Armor
57:13 Capped Ram
57:16 Halberdier
57:18 Elite Champi Warrior
63:53 Siege Ram
64:59 Hand Cart
SeekyPeeky
10:07 Loom
12:43 Feudal Age
14:54 Double-Bit Axe
16:24 Horse Collar
17:08 Fletching
23:01 Wheelbarrow
24:55 Castle Age
26:29 Scale Mail Armor
27:42 Forging
27:29 Gold Mining
29:45 Castle Age
27:43 Stone Mining
29:54 Pikeman
32:53 Squires
34:22 Padded Archer Armor
34:56 Arson
35:45 Leather Archer Armor
36:19 Bow Saw
38:17 Bodkin Arrow
40:13 Red Cliffs Tactics
42:47 Chain Mail Armor
42:55 Hand Cart
43:02 Town Watch
44:31 Elite Skirmisher
48:17 Imperial Age
46:48 Town Patrol
46:59 Husbandry
47:13 Bloodlines
47:38 Ballistics
48:40 Husbandry
49:08 Scale Barding Armor
50:39 Chemistry
51:37 Chain Barding Armor
50:42 Light Cavalry
52:42 Two-Man Saw
51:46 Heavy Plow
52:35 Gold Shaft Mining
52:50 Conscription
53:32 Iron Casting
53:06 Bracer
53:53 Heavy Hei Guang Cavalry
55:47 Plate Mail Armor
55:10 Halberdier
57:52 Plate Barding Armor
58:21 Blast Furnace
57:22 Crossbowman
58:32 Murder Holes
58:47 Masonry
58:34 Hussar
59:28 Arbalester
60:55 Guard Tower
64:28 Keep
64:26 Architecture
HYUCK
8:49 Loom
16:00 Feudal Age
17:13 Horse Collar
19:38 Castle Age
22:47 Fletching
33:57 Heavy Plow
37:26 Wheelbarrow
40:07 Imperial Age
37:38 Stone Mining
38:29 Padded Archer Armor
40:38 Scale Mail Armor
40:49 Forging
40:00 Pikeman
40:41 Squires
40:27 Gambesons
40:38 Bodkin Arrow
41:02 Elite Arambai
42:57 Conscription
43:19 Halberdier
43:46 Man-at-Arms
44:12 Arson
45:01 Long Swordsman
46:08 Two-Handed Swordsman
48:19 Chain Mail Armor
48:40 Iron Casting
50:24 Plate Mail Armor
50:14 Capped Ram
52:36 Blast Furnace
51:36 Bracer
53:05 Scale Barding Armor
53:54 Husbandry
54:04 Bloodlines
53:16 Cavalier
57:12 Chain Barding Armor
62:38 Champion
TrutaPSYCHO
14:34 Feudal Age
17:59 Castle Age
16:15 Double-Bit Axe
17:03 Loom
17:32 Scale Barding Armor
39:41 Wheelbarrow
43:28 Fletching
43:38 Padded Archer Armor
44:23 Bodkin Arrow
43:52 Elite Skirmisher
45:07 Ballistics
46:33 Bow Saw
47:07 Leather Archer Armor
48:03 Scale Mail Armor
50:19 Chain Mail Armor
54:16 Imperial Age
52:02 Hand Cart
55:04 Chain Barding Armor
56:03 Chemistry
56:27 Crossbowman
56:56 Pikeman
58:15 Parthian Tactics
58:08 Squires
61:16 Forging
62:54 Light Cavalry
65:11 Bloodlines
65:02 Husbandry
sagaz0022
5:50 Loom
8:07 Double-Bit Axe
13:09 Feudal Age
14:02 Bow Saw
14:30 Town Watch
17:01 Town Watch
19:33 Castle Age
17:48 Gold Mining
18:44 Scale Barding Armor
19:29 Gold Shaft Mining
19:48 Forging
20:24 Husbandry
22:11 Horse Collar
25:32 Cavalier
27:44 Wheelbarrow
27:57 Wheelbarrow
27:52 Chain Barding Armor
28:58 Iron Casting
36:19 Imperial Age
36:37 Padded Archer Armor
36:27 Fletching
36:38 Stone Mining
38:14 Chemistry
38:43 Leather Archer Armor
38:24 Bodkin Arrow
38:43 Bodkin Arrow
38:47 Elite Skirmisher
40:40 Plate Barding Armor
40:48 Ballistics
47:42 Heavy Plow
52:13 Pikeman
52:39 Arson
52:55 Squires
56:16 Burgundian Vineyards
56:22 Burgundian Vineyards
56:52 Hoardings
59:57 Hand Cart
60:07 Halberdier
63:18 Man-at-Arms
dudurmendes
13:38 Feudal Age
15:16 Double-Bit Axe
20:03 Wheelbarrow
22:23 Fletching
23:32 Horse Collar
24:53 Padded Archer Armor
29:57 Castle Age
27:59 Gold Mining
Connection lost

Rejoining the realm…

Still unreachable

The connection could not be restored.

Session expired

The server has moved on; the page needs a fresh start.